 Dungeon Crawl Stone Soup version 0.30-a0-34-gbe8da3892a (webtiles) character file.

Game seed: 1642426531021608639

4327 porpoise the Spear-Bearer (level 10, -7/120 HPs)
             Began as a Merfolk Gladiator on Aug 28, 2022.
             Was a Follower of Yredelemnul.
             Mangled by a yak (8 damage)
             ... on level 8 of the Dungeon.
             The game lasted 00:22:41 (8584 turns).

porpoise the Spear-Bearer (Merfolk Gladiator)       Turns: 8584, Time: 00:22:47

Health: -7/120     AC: 11    Str: 19    XL:     10   Next: 33%
Magic:  12/12      EV: 14    Int:  8    God:    Yredelemnul [*.....]
Gold:   296        SH:  0    Dex: 18    Spells: 3/9 levels left

rFire   x . .      SeeInvis +    a - +0 trident
rCold   . . .      Faith    .    (no shield)
rNeg    + . .      Spirit   .    g - +0 ring mail
rPois   .          Reflect  .    c - +0 helmet
rElec   .          Harm     .    I - +0 cloak
rCorr   .          Rampage  .    E - +0 pair of gloves
Will    .....                    p - +0 pair of boots
Stlth   ..........               (no amulet)
HPRegen 0.30/turn                f - ring of positive energy
MPRegen 0.13/turn                B - ring of Wirogg {rF- Str+3 Slay+4 SInv}

@: berserking (expiring), very quick
A: (nimble swimmer 2), mertail
a: Renounce Religion, Recall Undead Harvest


You were on level 8 of the Dungeon.
You worshipped Yredelemnul.
Yredelemnul was noncommittal.
You visited 2 branches of the dungeon, and saw 9 of its levels.

You collected 527 gold pieces.
You spent 231 gold pieces at shops.

Inventory:

Hand Weapons
 a - a +0 trident (weapon)
 b - a +1 sling of freezing
Missiles
 d - 4 throwing nets (quivered)
 e - a javelin
 w - 12 poisoned darts
Armour
 c - a +0 helmet (worn)
 g - a +0 ring mail (worn)
 p - a +0 pair of boots (worn)
 r - an orb of wrath
 E - a +0 pair of gloves (worn)
 I - a +0 cloak (worn)
Jewellery
 f - a ring of positive energy (left hand)
 B - the ring of Wirogg (right hand) {rF- Str+3 Slay+4 SInv}
   (You found it on level 5 of the Dungeon)

   [ring of slaying]

   Str:       It affects your strength (+3).
   Slay:      It affects your accuracy & damage with ranged weapons and melee
   (+4).
   rF:        It makes you vulnerable to fire.
   SInv:      It lets you see invisible.
Wands
 y - a wand of flame (19)
 z - a wand of digging (7)
 F - a wand of polymorph (20)
 H - a wand of charming (9)
 L - a wand of iceblast (8)
Scrolls
 h - a scroll of vulnerability
 i - a scroll of blinking
 j - 4 scrolls of fog
 k - a scroll of noise {unknown}
 o - 3 scrolls of magic mapping {unknown}
 q - 2 scrolls of fear
 x - 3 scrolls of poison
 C - a scroll of brand weapon {unknown}
 D - a scroll of enchant armour {unknown}
 M - a scroll of immolation {unknown}
 N - a scroll of teleportation {unknown}
Potions
 l - a potion of berserk rage
 m - a potion of attraction
 n - 2 potions of invisibility {unknown}
 s - 2 potions of haste
 t - a potion of resistance {unknown}
 u - 8 potions of curing
 v - a potion of cancellation {unknown}
 A - 2 potions of mutation {unknown}
 G - 3 potions of brilliance
 J - 2 potions of lignification {unknown}
 K - a potion of heal wounds {unknown}


   Skills:
 + Level 7.7 Fighting
 - Level 14.0 Polearms
 - Level 2.0 Throwing
 - Level 5.0 Armour
 + Level 5.5 Dodging
 + Level 3.0 Invocations


You had 3 spell levels left.
You knew the following spells:

 Your Spells              Type           Power      Damage    Failure   Level
c - Summon Ice Beast      Ice/Summ       0%         N/A       100%        4
k - Blink                 Tloc           0%         N/A       73%         2

Your spell library contained the following spells:

 Spells                   Type           Power      Damage    Failure   Level
 Apportation              Tloc           0%         N/A       58%         1
 Lesser Beckoning         Tloc           0%         N/A       91%         3
 Alistair's Intoxication  Tmut/Pois      0%         N/A       100%        5
 Manifold Assault         Tloc           0%         N/A       100%        5
 Summon Mana Viper        Hex/Summ       0%         N/A       100%        5
 Monstrous Menagerie      Summ           0%         N/A       100%        7


Dungeon Overview and Level Annotations

Branches:
Dungeon (8/15)             Temple (1/1) D:6
   Lair: D:8-11

Altars:
Cheibriados
Dithmenos
Hepliaklqana
Kikubaaqudgha
Nemelex Xobeh
Qazlal
Ru
Trog
Vehumet
Xom
Yredelemnul
Zin
The Shining One

Shops:
D:4 **?

Annotations:
D:7 exclusion: statue


Innate Abilities, Weirdness & Mutations

((You are very nimble when in or above water. (Stealth+, EV+, Speed+++)))
Your lower body shifts to a powerful aquatic tail in water.


Message History

The yak closely misses you.
Your yak zombie barely misses the yak.
The gnoll sergeant blocks your attack.
The gnoll sergeant is almost dead.
Your gnoll zombie barely misses the yak.
You impale the gnoll sergeant!!
You kill the gnoll sergeant!
The yak barely misses you. x2; The yak gores you!
* * * LOW HITPOINT WARNING * * *
Found a wand of iceblast (9).
Your yak zombie gores the yak but does no damage.
Your gnoll zombie closely misses the yak.
Your gnoll zombie hits the yak but does no damage.
Things that are here:
a +1 vorpal spear; a +0 ring mail; a +0 kite shield You impale the yak!!
The yak is almost dead.
The yak gores you!
* * * LOW HITPOINT WARNING * * *
The yak gores you.
* * * LOW HITPOINT WARNING * * *
You completely miss the yak.
The yak is almost dead.
You hit the yak.
You kill the yak!
Your gnoll zombie closely misses the yak.
Your Invocations skill increases to level 3!
You hit the yak.
The yak is lightly wounded.
The yak gores you but does no damage. The yak closely misses you.
Unknown command.
You impale the yak!!
The yak is heavily wounded.
Your yak zombie gores the yak!
You closely miss the yak.
The yak is heavily wounded.
The yak barely misses you.
Your gnoll zombie hits the yak but does no damage.
The yak gores you!
You die...
Your body rises from the dead as a mindless zombie.

#....................##
..
#.......................
#.......................
.........#.............#
#........##............#
###.#########........../
#. #).ZZ......# .
##.YZ.....##
#..Y@......#
#...........
#..........#
#..........#
#...........
##........## ##......##
########


You could see 2 yaks, a friendly yak zombie and 2 friendly gnoll zombies.

Vanquished Creatures
  Sigmund (D:2)
  2 yaks (D:8)
  Eustachio (D:6)
  2 steam dragons (D:7)
  Menkaure (D:5)
  A water moccasin (D:6)
  A black bear (D:5)
  5 ice beasts
  4 centaurs
  2 phantoms
  3 necrophages
  A gnoll sergeant (D:8)
  2 bullfrogs (D:6)
  3 scorpions
  5 wights (D:7)
  8 killer bees
  2 orc priests (D:4)
  A hound (D:5)
  Crazy Yiuf (D:6)
  3 iguanas
  4 orc wizards
  2 adders
  3 gnolls
  A white imp (D:6)
  2 ufetubi (D:6)
  3 worms (D:2)
  A dart slug (D:5)
  17 orcs
  5 endoplasms
  5 giant cockroaches
  8 hobgoblins
  6 jackals
  4 kobolds
  4 quokkas
  7 ball pythons
  5 bats
  4 frilled lizards
  6 goblins
  10 rats
146 creatures vanquished.

Vanquished Creatures (collateral kills)
  Joseph (D:7)
  A yak (D:8)
  A centaur (D:7)
  A killer bee (D:7)
  A gnoll (D:8)
  3 orcs (D:7)
8 creatures vanquished.

Vanquished Creatures (others)
  A yak (D:8)
  A centaur zombie (D:8)
  A human zombie (D:7)
  3 killer bee zombies (D:7)
  A steam dragon zombie (D:7)
  2 gnolls (D:8)
  A gnoll zombie (D:8)
  4 orc zombies (D:7)
  A fungus (D:1)
  A plant (D:1)
16 creatures vanquished.

Grand Total: 170 creatures vanquished

Notes
Turn   | Place    | Note
-------+----------+-------------------------------------------
     0 | D:1      | porpoise the Merfolk Gladiator began the quest for the Orb.
     0 | D:1      | Reached XP level 1. HP: 16/16 MP: 1/1
    90 | D:1      | Found a faded altar of an unknown god.
   264 | D:1      | Reached XP level 2. HP: 23/23 MP: 2/2
   853 | D:1      | Reached XP level 3. HP: 29/29 MP: 3/3
  1271 | D:2      | Reached skill level 5 in Polearms
  1707 | D:2      | Noticed Sigmund
  1747 | D:2      | Killed Sigmund
  1748 | D:2      | Reached skill level 6 in Polearms
  1748 | D:2      | Reached XP level 4. HP: 21/38 MP: 4/4
  1748 | D:2      | Reached XP level 5. HP: 24/43 MP: 5/5
  2025 | D:2      | Reached XP level 6. HP: 45/50 MP: 6/6
  2271 | D:2      | Reached skill level 5 in Fighting
  3152 | D:4      | Found Fuawidog's Magic Scroll Shop.
  3171 | D:3      | Reached skill level 7 in Polearms
  3439 | D:4      | Bought a scroll of poison for 44 gold pieces
  3439 | D:4      | Bought a scroll of fog for 44 gold pieces
  3439 | D:4      | Bought a scroll of identify for 22 gold pieces
  3587 | D:4      | Found Byhoyc's General Store.
  3846 | D:4      | Found Opse's Assorted Antiques.
  3879 | D:4      | Bought a scroll of blinking for 97 gold pieces
  3980 | D:4      | Reached XP level 7. HP: 53/58 MP: 7/7
  4014 | D:4      | Reached skill level 8 in Polearms
  4575 | D:4      | Bought a purple potion for 24 gold pieces
  4637 | D:5      | Entered Level 5 of the Dungeon
  4836 | D:5      | Reached skill level 9 in Polearms
  4836 | D:5      | Reached XP level 8. HP: 48/67 MP: 8/8
  5015 | D:5      | Identified the ring of Wirogg {rF- Str+3 Slay+4 SInv}
  5312 | D:5      | Noticed Menkaure
  5319 | D:5      | Killed Menkaure
  5320 | D:5      | Reached skill level 10 in Polearms
  5320 | D:5      | Reached skill level 1 in Armour
  5930 | D:6      | Reached skill level 11 in Polearms
  5952 | D:6      | Reached XP level 9. HP: 34/72 MP: 9/9
  6289 | D:6      | Noticed Eustachio
  6322 | D:6      | Killed Eustachio
  6599 | D:6      | Found a staircase to the Ecumenical Temple.
  6610 | Temple   | Entered the Ecumenical Temple
  6653 | Temple   | Became a worshipper of Yredelemnul the Dark
  6715 | D:6      | Found a runed translucent door.
  6716 | D:6      | Noticed Crazy Yiuf
  6824 | D:6      | Reached skill level 12 in Polearms
  6884 | D:6      | Reached * piety under Yredelemnul
  6997 | D:6      | Reached ** piety under Yredelemnul
  7172 | D:6      | Killed Crazy Yiuf
  7585 | D:7      | Noticed Joseph
  7594 | D:7      | Killed Joseph
  7595 | D:7      | Reached skill level 13 in Polearms
  7595 | D:7      | Reached skill level 5 in Armour
  7768 | D:7      | Your ally Joseph died
  7805 | D:7      | Learned a level 2 spell: Blink
  7810 | D:7      | Learned a level 4 spell: Summon Ice Beast
  7868 | D:7      | Reached XP level 10. HP: 64/79 MP: 10/10
  7876 | D:7      | Reached skill level 14 in Polearms
  7880 | D:7      | Reached skill level 1 in Invocations
  8111 | D:7      | Found a radiant altar of Vehumet.
  8557 | D:8      | Reached skill level 5 in Dodging
  8579 | D:8      | HP: 1/118 [yak (5)]
  8584 | D:8      | Mangled by a yak

Illustrated notes

Levels and vault maps discovered:
D:1:      wheals_arrival_shading, layout_loops_ring,
          shapermc_ecumenical_altar_mp_ritualfount
D:2:      layout_loops_ring, serial_co_window_serial, co_window_paths_a,
          co_window_of_opportunity_a, co_window_cross_1, co_window_corner_a,
          co_window_of_opportunity_a, co_window_of_opportunity_c,
          co_window_corner_b, co_window_corner_ca, co_window_4corner_a,
          co_window_paths_d, glass_columns_c, glass_columns_a, glass_columns_b,
          glass_columns_c, uniq_sigmund
D:3:      layout_basic
D:4:      layout_loops_ring, serial_shops, nicolae_stop_n_shop_2, shop,
          nicolae_lakefront_shop
D:5:      cheibrodos_helix_gallery, layout_basic, minmay_door_square,
          uniq_menkaure
D:6:      layout_rooms, minmay_temple_entry_junction,
          hangedman_abyss_or_decor_jellyfish_corner, uniq_crazy_yiuf_cottage,
          uniq_eustachio
D:7:      nicolae_BIG_FREAKIN_CUBE, layout_cave_pools, vehumet_statue,
          uniq_joseph
D:8:      layout_rooms, david_lair_shrubbed
Temple:   nicolae_temple_bog_church

Skill      XL: |  1  2  3  4  5  6  7  8  9 10 |
---------------+-------------------------------+-----
Fighting       | 3 4 6 7 |  7.7
Polearms       | 6 7 9 11 13 14 | 14.0
Armour         | 3 5 |  5.0
Invocations    | 3 |  3.0
Dodging        | 5 |  5.5
Throwing       | |  2.0

Action                   |  1- 3 |  4- 6 |  7- 9 | 10-12 || total
-------------------------+-------+-------+-------+-------++-------
Melee: Trident           |   157 |   129 |   308 |    59 ||   653
       Punch             |     3 |     2 |     4 |     1 ||    10
 Fire: Sling             |       |       |     8 |       ||     8
Invok: Recall Undead Har |       |       |       |     1 ||     1
Evoke: Wand              |       |       |       |     7 ||     7
  Use: Scroll            |       |     5 |     2 |     2 ||     9
       Potion            |       |       |       |     1 ||     1
 Stab: Distracted        |       |       |     2 |       ||     2
Armor: Ring mail         |    38 |    33 |    88 |    17 ||   176
       Leather armour    |     3 |       |       |       ||     3
Dodge: Dodged            |    95 |    47 |   145 |    36 ||   323

Table legend: (Time is in decaauts)
 A = Elapsed time spent in this place.
 B = Non-inter-level travel time spent in this place.
 C = Inter-level travel time spent in this place.
 D = Time resting spent in this place.
 E = Time spent auto-exploring this place.
 F = Levels seen in this place.
 G = Mean time per level.
                   A        B        C        D        E       F      G
               +--------+--------+--------+--------+--------+-----+--------+
         Total |   8550 |   8293 |    257 |   2472 |   4534 |   9 |  950.0 |
       Dungeon |   8498 |   8258 |    240 |   2472 |   4512 |   8 | 1062.2 |
        Temple |     52 |     36 |     16 |      0 |     21 |   1 |   52.0 |
               +--------+--------+--------+--------+--------+-----+--------+

Top non-repeatable levels by time:
     D:5: 1490 daAuts
     D:2: 1356 daAuts
     D:4: 1342 daAuts
     D:7: 1209 daAuts
     D:1: 1171 daAuts
     D:6: 1034 daAuts
     D:3: 762 daAuts
     D:8: 131 daAuts
  Temple: 52 daAuts
